 Dungeon Crawl Stone Soup version 0.29.1-12-g30fa7ad0bf (webtiles) character file.

Game seed: 9291848490428499290

22941 FexLirch the Grappler (level 12, -16/122 HPs)
             Began as a Troll Berserker on Dec 14, 2022.
             Was a High Priest of Trog.
             Demolished by a large abomination (33 damage)
             ... on level 2 of the Abyss.
             The game lasted 00:34:50 (10902 turns).

FexLirch the Grappler (Troll Berserker)            Turns: 10902, Time: 00:34:51

Health: -16/122    AC: 13    Str: 32    XL:     12   Next: 67%
Magic:  21/21      EV: 10    Int: 10    God:    Trog [*****.]
Gold:   872        SH: 18    Dex: 15    Spells: 11/11 levels left

rFire   . . .      SeeInvis .     - Unarmed
rCold   + . .      Faith    .   R - +0 tower shield
rNeg    . . .      Spirit   .   Q - +0 troll leather armour
rPois   +          Reflect  +   W - +3 hat of Pondering {ponderous, Will+ MP+10 Int+5}
rElec   .          Harm     .   S - +2 cloak "Mitycuq" {+Inv Str+4 Dex+4}
rCorr   .          Rampage  .   (gloves unavailable)
Will    +....                   (boots unavailable)
Stlth   +.........              q - amulet of reflection
HPRegen 1.90/turn               E - ring of protection from cold
MPRegen 0.17/turn               N - ring of poison resistance

@: about to teleport, on berserk cooldown, slowed, very slow
A: large, unfitting armour, claws 3, regeneration 1, shaggy fur 1, tough skin 1
a: Renounce Religion, Evoke Invisibility, Berserk, Trog's Hand, Brothers in Arms


You were on level 2 of the Abyss.
You worshipped Trog.
Trog was extremely pleased with you.
You visited 1 branch of the dungeon, and saw 13 of its levels.
You visited the Abyss 1 time.
You also visited: Sewer.

You collected 872 gold pieces.

Inventory:

Hand Weapons
 c - a +0 executioner's axe
 A - a +3 trident of venom
 I - a +1 scimitar of flaming
Missiles
 C - 7 boomerangs
 G - 2 throwing nets
 O - 9 large rocks (quivered)
Armour
 a - a +0 animal skin
 i - a scarf of resistance
 H - +0 steam dragon scales
 J - a +2 robe of willpower
 Q - a +0 troll leather armour (worn)
 R - a +0 tower shield (worn)
 S - the +2 cloak "Mitycuq" (worn) {+Inv Str+4 Dex+4}
   (You found it on level 11 of the Dungeon)

   Str:       It affects your strength (+4).
   Dex:       It affects your dexterity (+4).
   +Inv:      It lets you turn invisible.
 W - the +3 hat of Pondering (worn) {ponderous, Will+ MP+10 Int+5}
   (You found it on level 12 of the Dungeon)

   Int:       It affects your intelligence (+5).
   MP:        It affects your magic capacity (+10).
   Will:      It increases your willpower.
 X - a scarf of repulsion
Jewellery
 q - an amulet of reflection (around neck)
 E - a ring of protection from cold (left claw)
 L - a ring of fire
 N - a ring of poison resistance (right claw)
 V - an amulet of magic regeneration
Wands
 p - a wand of digging (9)
 r - a wand of paralysis (11)
 t - a wand of polymorph (14)
 u - a wand of roots (20)
 y - a wand of mindburst (21)
 P - a wand of light (3)
Scrolls
 b - 4 scrolls of fog {unknown}
 d - 6 scrolls of enchant armour
 e - 9 scrolls of enchant weapon
 g - 2 scrolls of fear
 h - 2 scrolls of teleportation
 k - a scroll of torment
 s - a scroll of noise {unknown}
 B - 3 scrolls of blinking {unknown}
 T - a scroll of poison {unknown}
Potions
 f - 2 potions of flight
 j - 6 potions of curing
 l - 4 potions of lignification
 m - 5 potions of attraction
 n - a potion of invisibility {unknown}
 o - 3 potions of mutation {unknown}
 v - a potion of brilliance {unknown}
 w - 4 potions of ambrosia {unknown}
 x - a potion of haste {unknown}
 z - a potion of berserk rage
 D - 2 potions of heal wounds {unknown}
 F - 2 potions of cancellation
 U - a potion of might {unknown}
Miscellaneous
 M - a box of beasts


   Skills:
 + Level 8.7 Fighting
 + Level 6.2 Throwing
 + Level 4.6 Armour
 - Level 7.4 Dodging
 + Level 4.6 Shields
 * Level 14.1 Unarmed Combat


You had 11 spell levels left.
You didn't know any spells.
Your spell library was empty.

Dungeon Overview and Level Annotations

Branches:
Dungeon (13/15)            Temple (0/1) D:5            Lair (0/5) D:10
    Orc (0/2) D:11          Sewer (visited)
 Vaults: D:13-14

Altars:
Elyvilon
Okawaru
Qazlal
Sif Muna
Uskayaw
Vehumet
Wu Jian

Shops:
D:3 =   D:7 (   D:9 *

Annotations:
D:6 Eustachio
D:11 3 runed translucent doors, PorkyPig's ghost, journeyman HOCj


Innate Abilities, Weirdness & Mutations

You are too large for most types of armour.
You have claws for hands.
Your natural rate of healing is unusually fast.
You are covered in fur. (AC +1)
You have tough skin. (AC +1)


Message History

You feel a strong urge to attack something.
The raiju bursts into living lightning!
The living lightning hits you.
* * * LOW HITPOINT WARNING * * *
The raiju blinks! x2
Unknown command.
You mangle the raiju!!
The raiju is almost dead.
The raiju barely misses you.
Unknown command.
You mangle the raiju!!
You kill the raiju!
Trog accepts your kill.
Unknown command.
You feel a strong urge to attack something.
You feel your anger nearly subside.
You are no longer berserk.
You are exhausted.
You feel yourself slow down.
Okay, then.
Unknown command.
Unknown command.
As you read the scroll of teleportation, it crumbles to dust.
You feel strangely unstable.
You feel the power of the Abyss delaying your translocation!
You start resting.
The large abomination closely misses you.
Okay, then.
Unknown command.
You feel better.
You block the large abomination's attack.
You mangle the large abomination!!
The large abomination is heavily damaged.
The large abomination hits you!!
* * * LOW HITPOINT WARNING * * *
The large abomination hits you!
* * * LOW HITPOINT WARNING * * *
You feel better.
You block the large abomination's attack.
The large abomination hits you!!
You die...

#. # ## .
.....### ..#
#... .. . . #
. ....... .. #
. ... .... . #
#.# ### . ..
.. #..
.##.††X.... .
.
#....##.#..#.#
.># ####.###
.## # . #@#.
##..### . #.
#.X### .## ##
#### #.. .# .#
.. .# .# #


You could see a large abomination.

Vanquished Creatures
  Snorg (D:12)
  A boulder beetle (D:11)
  3 two-headed ogres
  Erica (D:8)
  A death yak (D:10)
  A sixfirhy (D:12)
  Pikel (D:7)
  A deep elf pyromancer (D:12)
  2 manticores
  A will-o-the-wisp (Abyss:2)
  A cyclops (D:12)
  A rust devil (D:11)
  Maggie (D:7)
  A gargoyle (D:11)
  An unseen horror (D:11)
  2 komodo dragons (D:12)
  A hellwing (D:12)
  6 trolls
  Grinder (D:6)
  4 raiju (Abyss:2)
  Prince Ribbit (D:7)
  Sigmund (D:4)
  20 yaks
  A shadow (D:11)
  A wraith (D:10)
  A wyvern (D:8)
  2 vampires (D:12)
  A steam dragon (D:8)
  A chaos spawn (D:12)
  6 vampire mosquitoes
  Menkaure (D:4)
  A warg (D:11)
  2 water moccasins
  11 orc warriors
  3 black bears
  4 ice beasts
  3 ogres
  4 lemures (D:7)
  7 centaurs
  2 kobold brigands
  7 bullfrogs
  3 gnoll sergeants
  3 scorpions (D:5)
  4 killer bees
  2 electric eels (D:8)
  4 howler monkeys
  A jelly (D:8)
  A quasit (D:12)
  10 orc priests
  2 gnoll boudas
  Jessica (D:3)
  An iguana (D:6)
  Ijyb (D:5)
  Terence (D:3)
  12 orc wizards
  21 gnolls
  2 river rats (Sewer)
  15 adders
  A white imp (D:6)
  3 ufetubi
  A worm (D:2)
  A dart slug (D:3)
  76 orcs
  7 ball pythons
  7 endoplasms
  3 giant cockroaches
  8 goblins
  9 hobgoblins
  2 jackals (D:1)
  12 quokkas
  3 bats (D:1)
  6 frilled lizards
  14 kobolds
  4 rats
353 creatures vanquished.

Vanquished Creatures (collateral kills)
  The ghost of Jingleheimer the Grappler, a journeyman TrFi of Elyvilon (D:12)
  3 orc warriors (D:12)
  A killer bee (D:10)
  2 orc priests (D:12)
  4 orcs (D:12)
11 creatures vanquished.

Vanquished Creatures (others)
  An orc (D:8)
  2 demonic plants (D:12)
  4 foxfires (Abyss:2)
  3 plants (D:8)
10 creatures vanquished.

Grand Total: 374 creatures vanquished

Notes
Turn   | Place    | Note
-------+----------+-------------------------------------------
     0 | D:1      | FexLirch the Troll Berserker began the quest for the Orb.
     0 | D:1      | Reached XP level 1. HP: 22/22 MP: 0/0
   191 | D:1      | Reached XP level 2. HP: 29/29 MP: 1/1
   554 | D:1      | Reached ** piety under Trog
   851 | D:2      | Reached XP level 3. HP: 24/36 MP: 2/2
  1060 | D:2      | Identified the +1 robe "Tyegis" {Dex-5 SInv Archmagi}
  1150 | D:2      | Identified the +3 leather armour of Rantiqie {Int+7}
  1261 | D:2      | Reached skill level 4 in Unarmed Combat
  1270 | D:2      | Reached XP level 4. HP: 35/44 MP: 3/3
  1416 | D:2      | Found a faded altar of an unknown god.
  1779 | D:3      | Noticed Terence
  1784 | D:3      | Killed Terence
  1954 | D:3      | Reached XP level 5. HP: 53/53 MP: 4/4
  1972 | D:3      | Found a stormy altar of Qazlal.
  1972 | D:3      | Found Wigiez's Jewellery Emporium.
  1998 | D:3      | Noticed Jessica
  2001 | D:3      | Killed Jessica
  2497 | D:4      | Noticed Menkaure
  2504 | D:4      | Killed Menkaure
  2505 | D:4      | Reached skill level 5 in Unarmed Combat
  2505 | D:4      | Reached XP level 6. HP: 35/61 MP: 5/5
  2734 | D:4      | Noticed Sigmund
  2744 | D:4      | Killed Sigmund
  2745 | D:4      | Reached skill level 6 in Unarmed Combat
  2745 | D:4      | Reached XP level 7. HP: 70/70 MP: 6/6
  3276 | D:5      | Entered Level 5 of the Dungeon
  3508 | D:5      | Reached skill level 7 in Unarmed Combat
  3539 | D:5      | Reached *** piety under Trog
  3588 | D:5      | Reached XP level 8. HP: 24/79 MP: 7/7
  3713 | D:5      | Found a radiant altar of Vehumet.
  3777 | D:5      | Noticed Ijyb
  3784 | D:5      | Killed Ijyb
  4169 | D:5      | Found a staircase to the Ecumenical Temple.
  4736 | D:6      | Found a hide-covered altar of Uskayaw.
  4736 | D:6      | Found a shimmering blue altar of Sif Muna.
  4777 | D:6      | Reached skill level 5 in Fighting
  4777 | D:6      | Reached skill level 5 in Dodging
  4777 | D:6      | Reached skill level 8 in Unarmed Combat
  4801 | D:6      | Noticed Eustachio
  4846 | D:6      | Noticed Grinder
  4846 | D:6      | Paralysed by Grinder for 5 turns
  4871 | D:6      | Killed Grinder
  4872 | D:6      | Reached XP level 9. HP: 19/88 MP: 8/8
  4894 | D:6      | Found a glowing drain.
  4941 | Sewer    | Entered a sewer
  5115 | Sewer    | Reached **** piety under Trog
  5290 | D:6      | Reached skill level 9 in Unarmed Combat
  5419 | D:7      | Noticed Prince Ribbit
  5438 | D:7      | Killed Prince Ribbit
  5692 | D:7      | Noticed Pikel
  5732 | D:7      | Killed Pikel
  5733 | D:7      | Reached skill level 10 in Unarmed Combat
  5782 | D:7      | Noticed Maggie
  5792 | D:7      | Killed Maggie
  5808 | D:7      | Found an ornate altar of the Wu Jian Council.
  5808 | D:7      | Found an iron altar of Okawaru.
  5826 | D:7      | Found Qeser's Antique Weapon Emporium.
  5857 | D:7      | Reached skill level 1 in Throwing
  6068 | D:7      | Reached XP level 10. HP: 100/100 MP: 9/9
  6191 | D:8      | Noticed Erica
  6205 | D:8      | Killed Erica
  6206 | D:8      | Reached skill level 11 in Unarmed Combat
  6354 | D:8      | Found a white marble altar of Elyvilon.
  7603 | D:9      | Found Nomev's Lightly-Used Armoury.
  8025 | D:10     | Entered Level 10 of the Dungeon
  8067 | D:10     | Reached skill level 1 in Armour
  8139 | D:10     | Reached ***** piety under Trog
  8414 | D:10     | Noticed a two-headed ogre
  8422 | D:10     | Killed a two-headed ogre
  8423 | D:10     | Reached skill level 12 in Unarmed Combat
  8423 | D:10     | Reached XP level 11. HP: 109/109 MP: 10/10
  8439 | D:10     | Noticed a death yak
  8609 | D:10     | Noticed a death yak
  8625 | D:10     | Killed a death yak
  8630 | D:10     | Noticed a death yak
  8709 | D:9      | Reached skill level 1 in Shields
  8766 | D:10     | Found a staircase to the Lair.
  9084 | D:11     | Identified the +2 cloak "Mitycuq" {+Inv Str+4 Dex+4}
  9242 | D:11     | Noticed a boulder beetle
  9258 | D:11     | Killed a boulder beetle
  9303 | D:11     | Found a runed translucent gate.
  9304 | D:11     | Found a runed translucent gate.
  9305 | D:11     | Found a runed translucent gate.
  9306 | D:11     | Noticed PorkyPig's ghost (journeyman HOCj)
  9362 | D:11     | Found a staircase to the Orcish Mines.
  9771 | D:12     | Reached skill level 5 in Throwing
  9775 | D:12     | Received a gift from Trog
  9776 | D:12     | Reached skill level 13 in Unarmed Combat
  9935 | D:12     | Noticed Snorg
 10041 | D:12     | Killed Snorg
 10042 | D:12     | Reached XP level 12. HP: 58/120 MP: 11/11
 10251 | D:12     | Noticed a two-headed ogre
 10263 | D:12     | Killed a two-headed ogre
 10430 | D:12     | Found a runed translucent gate.
 10430 | D:12     | Noticed Jingleheimer's ghost (journeyman TrFi)
 10431 | D:12     | Found a runed translucent gate.
 10431 | D:12     | Identified the +1 chain mail of Circular Logic {Will+ Str+5
                  | Dex+4}
 10432 | D:12     | Found a runed translucent gate.
 10442 | D:12     | Found the +3 hat of Pondering {ponderous, Will+ MP+10
                  | Int+5}
 10455 | D:12     | Killed Jingleheimer's ghost
 10684 | D:12     | Noticed a two-headed ogre
 10688 | D:12     | Killed a two-headed ogre
 10819 | D:13     | Reached skill level 14 in Unarmed Combat
 10841 | Abyss:2  | Cast into level 2 of the Abyss (a wizard)
 10884 | Abyss:2  | HP: 2/183 [raiju (8)]
 10889 | Abyss:2  | HP: 6/183 [raiju/living lightning (4)]
 10901 | Abyss:2  | HP: 6/122 [large abomination (8)]
 10902 | Abyss:2  | Demolished by a large abomination

Illustrated notes

Levels and vault maps discovered:
D:1:      eino_arrival_druids_welcome, layout_basic
D:2:      layout_loops_corners, hellmonk_ecumenical_altar_arch_garden
D:3:      layout_loops_ring, nicolae_overflow_hidden_temple, serial_shops,
          nicolae_square_shop, uniq_jessica, uniq_terence
D:4:      layout_loops_corners, nicolae_concentric_dashed_squares_wild,
          uniq_menkaure, uniq_sigmund
D:5:      layout_layer_cave, mainiacjoe_overflow_brackets,
          minmay_temple_entry_antechambers, uniq_ijyb
D:6:      layout_basic, chequers_temple_overflow_statue_of_worship,
          gup_sewer_entry_pipe, serial_shops, nicolae_shop_behind_doors,
          uniq_grinder, uniq_eustachio
D:7:      layout_basic, nicolae_overflow_two_pavilions, serial_shops,
          nicolae_shop_behind_doors, uniq_prince_ribbit1, uniq_maggie,
          uniq_pikel
D:8:      layout_loops_corners, mainiacjoe_overflow_small_starburst,
          serial_bayou_pond_b, nrook_mini_vaults, uniq_erica
D:9:      layout_irregular_city, minmay_shop_damaged
D:10:     layout_cave_pools, dpeg_lair_monsters, special_room [special_room_orc]
D:11:     layout_irregular_city, erik_orc_3, gammafunk_ghost_necromancy
D:12:     layout_irregular_city, biasface_ghost_orc_armoury, serial_demonic,
          serial_demonic_g, serial_demonic_g, serial_demonic_b,
          serial_demonic_c, serial_demonic_e, minmay_misc_feat_nine_boxes,
          uniq_snorg
D:13:     layout_big_octagon, lightli_vaults_fourway_checkpoint,
          portal_ice_cave_demonic_guard, uniq_erolcha
Abyss:2:  base:
D:7

Skill      XL: |  1  2  3  4  5  6  7  8  9 10 11 12 |
---------------+-------------------------------------+-----
Unarmed Combat | 4 5 6 7 8 10 12 13 14 | 14.1
Fighting       | 3 4 5 6 7 8 |  8.7
Dodging        | 3 4 5 6 7 |  7.4
Throwing       | 1 3 5 6 |  6.2
Armour         | 1 3 4 |  4.6
Shields        | 3 4 |  4.6

Action                   |  1- 3 |  4- 6 |  7- 9 | 10-12 || total
-------------------------+-------+-------+-------+-------++-------
Melee: Unarmed           |   119 |   124 |   262 |   541 ||  1046
       Punch             |     2 |     2 |    10 |    16 ||    30
Throw: Throwing net      |       |       |       |     1 ||     1
       Large rock        |       |       |       |     9 ||     9
Invok: Berserk           |       |     1 |     5 |     7 ||    13
       Trog's Hand       |       |     1 |     1 |     1 ||     3
       Brothers in Arms  |       |       |       |     2 ||     2
  Use: Scroll            |       |       |     8 |     7 ||    15
       Potion            |       |       |       |     4 ||     4
Armor: Animal skin       |    41 |    33 |    50 |       ||   124
       Steam dragon scal |       |       |     3 |    35 ||    38
       Troll leather arm |       |       |       |    85 ||    85
Dodge: Dodged            |    54 |    65 |   117 |   185 ||   421
Block: Other             |       |       |       |    32 ||    32
       Reflection        |       |       |       |     7 ||     7
       Tower shield      |       |       |       |   321 ||   321
